 Dungeon Crawl Stone Soup version 0.27.1-33-g824d729ab1 (webtiles) character file.

Game seed: 1282586289238410194

25 zeram the Sneak (level 2, -3/13 HPs)
             Began as a Spriggan Enchanter on Dec 21, 2021.
             Shot with a stone by a goblin (6 damage)
             ... on level 2 of the Dungeon.
             The game lasted 00:02:02 (2367 turns).

zeram the Sneak (Spriggan Enchanter)                Turns: 2367, Time: 00:02:03

Health: -3/13      AC:  2    Str:  4    XL:     2   Next: 86%
Magic:  7/7        EV: 17    Int: 16    God:
Gold:   14         SH:  0    Dex: 15    Spells: 4/7 levels left

rFire    . . .     SeeInvis +   a - +1 dagger
rCold    . . .     Faith    .   (shield restricted)
rNeg     . . .     Spirit   .   b - +0 robe
rPois    .         Reflect  .   (helmet restricted)
rElec    .         Harm     .   (no cloak)
rCorr    .         Rampage  .   (gloves unavailable)
Will     .....                  (boots unavailable)
Stlth    +++.......             (no amulet)
HPRegen  0.04/turn              (no ring)
MPRegen  0.10/turn              (no ring)

@: lethally poisoned (-3 -> -7), very quick
A: very small, no large weapons, unfitting armour, see invisible, speed 3
a: no special abilities


You were on level 2 of the Dungeon.
You visited 1 branch of the dungeon, and saw 2 of its levels.

You collected 14 gold pieces.

Inventory:

Hand Weapons
 a - a +1 dagger (weapon)
Armour
 b - a +0 robe (worn)
Scrolls
 e - a scroll of teleportation
Potions
 c - a potion of curing
 d - a potion of mutation {unknown}


   Skills:
 + Level 0.2 Fighting
 + Level 1.1 Short Blades
 + Level 3.2 Dodging
 + Level 4.9 Stealth
 + Level 3.0 Spellcasting
 + Level 4.0 Hexes


You had 4 spell levels left.
You knew the following spells:

 Your Spells              Type           Power      Damage    Failure   Level
a - Corona                Hex            16%        N/A       3%          1
b - Ensorcelled Hibernat  Hex/Ice        16%        N/A       12%         2

Your spell library contained the following spells:

 Spells                   Type           Power      Damage    Failure   Level
 Slow                     Hex            15%        N/A       5%          2
 Confusing Touch          Hex            15%        N/A       11%         3
 Tukima's Dance           Hex            15%        N/A       11%         3
 Dazzling Flash           Conj/Hex       16%        N/A       24%         3
 Vampiric Draining        Necr           1%         2d6       50%         3


Dungeon Overview and Level Annotations

Branches:
Dungeon (2/15)

Altars:


Innate Abilities, Weirdness & Mutations

You are very small and have problems with some larger weapons.
You are too small for most types of armour.
You have supernaturally acute eyesight. (SInv)
You cover ground extremely quickly. (Speed+++)


Message History

You see here a +0 mace.
You see here a rat skeleton.
There is a stone staircase leading up here.
You climb upwards.
There is a stone staircase leading down here.
You start resting.
HP restored.
You climb downwards.
The adder barely misses you. The adder completely misses you.
There is a stone staircase leading up here.
You hit the adder but do no damage. The adder completely misses you.
You hit the adder but do no damage. The adder barely misses you.
You barely miss the adder. The adder barely misses you. The adder bites you.
You are poisoned.
The adder poisons you!
You completely miss the adder.
You feel sick. The adder closely misses you.
You hit the adder.
The adder is lightly wounded.
You feel sick. The adder barely misses you.
You barely miss the adder.
The adder is lightly wounded.
You feel sick. The adder completely misses you.
The goblin shoots a stone.
The stone misses you.
You miss the adder.
The adder is lightly wounded.
You feel sick. The adder barely misses you.
You closely miss the adder.
The adder is lightly wounded.
You feel sick.
You are no longer poisoned.
The adder bites you.
You are lethally poisoned!
The adder poisons you!
The goblin shoots a stone.
The stone hits you but does no damage.
You closely miss the adder.
The adder is lightly wounded.
* * * LOW HITPOINT WARNING * * *
You feel sick. The adder closely misses you. The adder misses you.
The goblin shoots a stone.
The stone hits you.
You die...

##..#####.#
##..### ##.
#.# #..(.#
# #.#
##.#..#
#.## #.##.#
#...#####g#
...
#....#รท.#
#.#
#......##
...
#.....## #.
#..@S##
#....#
#....#
#....#
#....#
######


You could see an adder and a goblin.

Vanquished Creatures
  4 bats (D:1)
  3 endoplasms
  2 goblins
  2 hobgoblins (D:1)
  4 jackals (D:1)
  3 ball pythons (D:1)
  2 kobolds (D:1)
  4 rats
24 creatures vanquished.

Vanquished Creatures (others)
  5 plants (D:1)
5 creatures vanquished.

Grand Total: 29 creatures vanquished

Notes
Turn   | Place    | Note
-------+----------+-------------------------------------------
     0 | D:1      | zeram the Spriggan Enchanter began the quest for the Orb.
     0 | D:1      | Reached XP level 1. HP: 9/9 MP: 5/5
   605 | D:1      | Reached XP level 2. HP: 13/13 MP: 6/6
  2249 | D:2      | Learned a level 2 spell: Ensorcelled Hibernation
  2367 | D:2      | Shot with a stone by a goblin

Illustrated notes

Levels and vault maps discovered:
D:1:      tarquinn_simple_flora_water_b, layout_loops_corners, serial_bayou,
          serial_bayou_pond_e, serial_bayou_lagoon_b, serial_bayou_pond_e,
          serial_bayou_pond_c
D:2:      layout_rooms, shapermc_ecumenical_altar_ellora, st_stairs_14,
          uniq_jessica

Skill      XL: |  1  2 |
---------------+-------+-----
Hexes          | 4 |  4.0
Spellcasting   | 3 |  3.0
Dodging        | 3 |  3.2
Fighting       | |  0.2
Short Blades   | |  1.1
Stealth        | |  4.9

Action                   || total
-------------------------++-------
Melee: Dagger            ||   142
 Cast: Corona            ||     1
  Use: Scroll            ||     2
 Stab: Sleeping          ||     4
Armor: Robe              ||    20
Dodge: Dodged            ||   109
